 Dungeon Crawl Stone Soup version 0.25-b1-23-ge2ad7d536c (webtiles) character file.

Game seed: 5310117394722141684, levelgen mode: deterministic

90 Dirian the Skirmisher (level 4, 0/40 HPs)
             Began as a Hill Orc Fighter on May 30, 2020.
             Slain by Sigmund
             ... wielding a cursed -1 scythe
              (4 damage)
             ... on level 3 of the Dungeon.
             The game lasted 00:01:53 (2091 turns).

Dirian the Skirmisher (Hill Orc Fighter)            Turns: 2091, Time: 00:01:53

Health: 0/40       AC:  7    Str: 19    XL:     4   Next: 56%
Magic:  4/4        EV:  7    Int:  8    God:
Gold:   102        SH:  0    Dex: 10    Spells: 3/3 levels left

rFire    . . .     SeeInvis .   a - +0 war axe
rCold    . . .     Gourm    .   c - +0 kite shield
rNeg     . . .     Faith    .   b - +0 scale mail
rPois    .         Spirit   .   (no helmet)
rElec    .         Reflect  .   (no cloak)
rCorr    .         Harm     .   (no gloves)
MR       .....                  (no boots)
Stlth    ..........             (no amulet)
HPRegen  0.13/turn              (no ring)
MPRegen  0.09/turn              (no ring)

@: confused, mighty
A: no striking features
a: no special abilities


You were on level 3 of the Dungeon.
You were not hungry.

You visited 1 branch of the dungeon, and saw 3 of its levels.

You collected 102 gold pieces.

Inventory:

Hand Weapons
 a - a +0 war axe (weapon)
Armour
 b - a +0 scale mail (worn)
 c - a +0 kite shield (worn)
Jewellery
 o - an uncursed ring of positive energy {unknown}
Scrolls
 e - a scroll of remove curse {unknown}
 g - 3 scrolls of identify {unknown}
 h - a scroll of fog {unknown}
 i - a scroll of random uselessness {unknown}
 m - 2 scrolls of teleportation {unknown}
Potions
 j - a potion of magic {unknown}
 k - a potion of curing {unknown}
 l - 2 potions of heal wounds {unknown}
 n - a potion of resistance {unknown}
 p - a potion of flight {unknown}
 q - a potion of lignification {unknown}
Comestibles
 f - 4 rations


   Skills:
 + Level 4.2 Fighting
 + Level 4.2 Axes
 + Level 3.9 Armour
 + Level 4.0 Shields


You had 3 spell levels left.
You didn't know any spells.
Your spell library contained the following spells:

 Spells                   Type           Power        Failure   Level  Hunger
 Animate Skeleton         Necr           N/A          99%         1    ##.....
 Apportation              Tloc           #.....       99%         1    ##.....
 Corona                   Hex            #......      99%         1    ##.....
 Summon Small Mammal      Summ           #...         99%         1    ##.....


Dungeon Overview and Level Annotations

Branches:
Dungeon (3/15)

Altars:

Annotations:
D:3 Sigmund


Message History

You slash something! Something hits you.
* * * LOW HITPOINT WARNING * * *
You closely miss something. Something hits you but does no damage.
You barely miss something.
A worm comes into view.
You hear some strange, mumbled words.
Something tries to affect you, but you resist.
You closely miss something. Something hits you but does no damage.
Your shield and scale mail prevent you from hitting something.
You hear some strange, mumbled words.
A puff of flame appears from out of thin air!
The puff of flame hits you.
* * * LOW HITPOINT WARNING * * *
You miss something. You block something's attack.
You completely miss something.
You hear some strange, mumbled words.
You are confused.
You miss something. Something hits you but does no damage.
The rat bites you but does no damage. Something hits you.
You die...

### #######.#####
#...........#
#######.#####.###.#
.......<.>.....#
#######@###....#
...bgS{†r.w....#
....###.###....# ..
### #....# #......#
##.?##?# ...# .#
.## . .#


You could see a worm, an adder, a hobgoblin, a bat and a rat.

Vanquished Creatures
  3 adders (D:2)
  A worm (D:2)
  3 leopard geckos
  3 giant cockroaches
  10 goblins
  7 hobgoblins
  4 jackals
  7 kobolds
  A quokka (D:2)
  5 bats
  4 frilled lizards
  9 rats
57 creatures vanquished.

Notes
Turn   | Place    | Note
-------+----------+-------------------------------------------
     0 | D:1      | Dirian the Hill Orc Fighter began the quest for the Orb.
     0 | D:1      | Reached XP level 1. HP: 19/19 MP: 1/1
   133 | D:1      | Reached XP level 2. HP: 27/27 MP: 2/2
   427 | D:1      | Reached XP level 3. HP: 33/33 MP: 3/3
  1106 | D:2      | Reached XP level 4. HP: 38/40 MP: 4/4
  2068 | D:3      | Noticed Sigmund
  2091 | D:3      | Slain by Sigmund

Illustrated notes

Levels and vault maps discovered:
D:1:      saegor_arrival_miasma, layout_loops_ring
D:2:      minmay_inner_zag, layout_basic, serial_curves, eino_curves_04,
          eino_curves_02, minmay_hexomino_f4
D:3:      layout_basic, first_ration, uniq_sigmund

Skill      XL: |  1  2  3  4 |
---------------+-------------+-----
Fighting       | 4 |  4.2
Axes           | 3 4 |  4.2
Shields        | 4 |  4.0
Armour         | |  3.9

Action                   |  1- 3 |  4- 6 || total
-------------------------+-------+-------++-------
Melee: War axe           |   114 |    71 ||   185
  Use: Potion            |       |     1 ||     1
  Eat: Chunk             |     1 |     3 ||     4
Armor: Scale mail        |    48 |    35 ||    83
Dodge: Dodged            |    33 |    17 ||    50
Block: Kite shield       |    56 |    27 ||    83
